 Dungeon Crawl Stone Soup version 0.31-a0-175-g9f7f995f2b (webtiles) character file.

Game seed: 4300176028153197828

1922 qw the Shield-Bearer (level 9, -9/54 HPs)
             Began as a Gargoyle Fighter on June 16, 2023.
             Was a Follower of Okawaru.
             Killed by divine providence
             ... invoked by an orc priest
              (17 damage)
             ... on level 7 of the Dungeon.
             The game lasted 00:02:49 (6127 turns).

qw the Shield-Bearer (Gargoyle Fighter)             Turns: 6127, Time: 00:02:50

Health: -9/54      AC: 24    Str: 32      XL:     9   Next: 17%
Magic:  12/12      EV: 10    Int:  5      God:    Okawaru [*.....]
Gold:   151        SH: 18    Dex: 16 (17) Spells: 8/8 levels left

rFire   . . .        Y - +0 war axe
rCold   . . .        n - +0 tower shield
rNeg    + . .        f - +1 plate armour
rPois   inf          i - +2 helmet
rElec   +            (no cloak)
rCorr   .            (no gloves)
SInv    .            (no boots)
Will    .....        (no amulet) Stlth
                     b - +6 ring of dexterity
HPRegen 0.29/turn    (no ring)
MPRegen 0.13/turn

%: no passive effects
@: about to teleport, heroic, weakened
A: sickness immunity, AC +6, negative energy resistance 1, electricity
resistance, torment resistance 1, petrification resistance, agile 1,
deterioration 1, strong 2, noise suppression
a: Renounce Religion, Heroism


You were on level 7 of the Dungeon.
You worshipped Okawaru.
Okawaru was aware of your devotion.
You visited 2 branches of the dungeon, and saw 8 of its levels.

You collected 338 gold pieces.
You spent 187 gold pieces at shops.


Innate Abilities, Weirdness & Mutations

You are immune to sickness and miasma.
Your stone body is resilient. (AC +6)
You are immune to poison.
You resist negative energy. (rN+)
You are resistant to electric shocks. (rElec)
You are resistant to unholy torment.
You are immune to petrification.
You are agile. (Dex +4, Str/Int -1)
Your body sometimes deteriorates upon taking damage.
Your muscles are very strong. (Str +8, Int/Dex -2)
You passively dampen the noise of your surroundings.


   Skills:
 - Level 5.0(10.0) Fighting
 - Level 7.1(12.1) Axes
 - Level 4.1(9.1) Armour
 - Level 1.0(6.0) Dodging
 + Level 7.9(12.9) Shields
 - Level 4.0 Invocations


You had 8 spell levels left.
You didn't know any spells.
Your spell library was empty.

Inventory:

Hand Weapons
 k - a +0 flail
 Y - a +0 war axe (weapon)
Missiles
 c - 5 boomerangs (quivered)
Armour
 f - a +1 plate armour (worn)
 i - a +2 helmet (worn)
 n - a +0 tower shield (worn)
Jewellery
 b - a +6 ring of dexterity (left hand)
Scrolls
 a - 10 scrolls of identify
 g - 2 scrolls of teleportation
 m - a scroll of fog {unknown}
Potions
 d - a potion of might
 h - a potion of mutation
 j - a potion of lignification
 l - a potion of cancellation

Dungeon Overview and Level Annotations

Branches:
Dungeon (7/15)             Temple (1/1) D:6

Altars:
Cheibriados
Dithmenos
Elyvilon
Gozag
Hepliaklqana
Kikubaaqudgha
Makhleb
Nemelex Xobeh
Okawaru
Qazlal
Ru
Trog
Uskayaw
Vehumet
Wu Jian
Xom
Yredelemnul
Zin
The Shining One

Shops:
D:5 ?

Annotations:
D:3 2 transporters


Message History

Enter note: You hit the centaur.
The centaur is lightly wounded.
You closely miss something. You hit the black bear.
You block the centaur's attack. x2
The gnoll bouda barks out a call to the hunt!
The gnolls pick up the pace!
The black bear closely misses you.
The black bear claws you but does no damage. x2
Something hits you but does no damage. You block the centaur's attack.
The centaur kicks you but does no damage.
You barely miss the centaur.
The centaur is lightly wounded.
You barely miss something. You barely miss the black bear.
You block the centaur's attack. x2
The orc priest mumbles some strange prayers to Beogh against you.
Beogh smites you! Something hits you.
The black bear bites you but does no damage.
The black bear misses you. The black bear barely misses you.
The orc priest invokes the aid of Beogh against you.
Beogh smites you!
Your body deteriorates!
You feel clumsy.
6126 ||| READING 3 scrolls of teleportation.
As you read the scroll of teleportation, it crumbles to dust.
You feel strangely unstable. The centaur hits you.
You block the centaur's attack. You block something's attack.
The black bear completely misses you.
The black bear claws you but does no damage.
The black bear barely misses you. You block the centaur's attack. x2
You closely miss the centaur.
The centaur is lightly wounded.
You miss something. You closely miss the black bear.
The centaur barely misses you. The centaur closely misses you.
Something hits you but does no damage.
A phantom comes into view.
You block the black bear's attack. The black bear misses you.
You block the black bear's attack.
The orc priest invokes the aid of Beogh against you.
Beogh smites you!
You die... ### ##..= #..... oD....

#gg...W ogo#...
###.oo#)).
#.@czo#...
##)#hoo#.?.
##..#gc.#...
####...##g.....
#.......#......
#...
#.##....##..... #..
# ##....###..$ #.#
##.....##########.#
##..<............##


You could see a black bear, an acid dragon, a phantom (wandering), 2 centaurs, a
gnoll bouda, a wight, 2 orc priests, an orc wizard, 4 gnolls and 5 orcs.

Vanquished Creatures
  2 water moccasins
  An ice beast (D:6)
  2 ogres
  A centaur (D:7)
  2 phantoms
  Blork the orc (D:5)
  2 scorpions
  2 wights (D:7)
  4 killer bees (D:7)
  A howler monkey (D:4)
  2 orc priests (D:5)
  4 hounds
  3 jellies
  A sleepcap (D:6)
  7 iguanas
  2 orc wizards (D:5)
  Robin (D:2)
  7 adders
  An ufetubus (D:6)
  5 worms
  4 dart slugs
  8 orcs
  6 bats
  8 endoplasms
  5 giant cockroaches
  13 goblins
  11 hobgoblins
  11 kobolds
  A quokka (D:1)
  4 ball pythons
  5 frilled lizards
  9 rats
136 creatures vanquished.

Notes
Turn   | Place    | Note
-------+----------+-------------------------------------------
     0 | D:1      | qw the Gargoyle Fighter began the quest for the Orb.
     0 | D:1      | Reached XP level 1. HP: 14/14 MP: 1/1
     0 | D:1      | 0 ||| qw: Version: 0.2-a-29-g511e9b1
     0 | D:1      | 0 ||| qw: Game counter: 43
     0 | D:1      | 0 ||| qw: Always use a shield: true
     0 | D:1      | 0 ||| qw: God list: Okawaru
     0 | D:1      | 0 ||| qw: Allow faded altars: false
     0 | D:1      | 0 ||| qw: Do Orc after D:15 true
     0 | D:1      | 0 ||| qw: Do second Lair branch before Depths: true
     0 | D:1      | 0 ||| qw: Lair rune preference: random
     0 | D:1      | 0 ||| qw: Plans: Normal, Zot:1-4, Slime:5, God:TSO, Crypt,
                  | Tomb, Abyss, Pan, Hells, Win
     0 | D:1      | 0 ||| PLANNING D:1-11
   122 | D:1      | Reached XP level 2. HP: 19/19 MP: 2/2
   447 | D:1      | You fall into a shaft and drop 1 floor!
   482 | D:2      | Reached skill level 3 in Axes
   497 | D:2      | 497 ||| UPGRADING to +0 plate armour.
   507 | D:2      | 507 ||| DROPPING +0 scale mail.
   508 | D:2      | 508 ||| READING 2 scrolls labelled BEUGHE HYGUKLAZ.
   509 | D:2      | 509 ||| READING scroll labelled VENGEADUAM.
   510 | D:2      | 510 ||| DRINKING 2 fuming puce potions.
   510 | D:2      | Gained mutation: You occasionally lose the ability to drink
                  | potions when taking damage. [potion of mutation]
   510 | D:2      | Gained mutation: You occasionally lose the ability to read
                  | scrolls when taking damage. [potion of mutation]
   511 | D:2      | 511 ||| DRINKING potion of mutation.
   511 | D:2      | Lost mutation: You occasionally lose the ability to read
                  | scrolls when taking damage. [potion of mutation]
   511 | D:2      | Lost mutation: You occasionally lose the ability to drink
                  | potions when taking damage. [potion of mutation]
   511 | D:2      | Gained mutation: You are agile. (Dex +4, Str/Int -1)
                  | [potion of mutation]
   511 | D:2      | Gained mutation: Your body sometimes deteriorates upon
                  | taking damage. [potion of mutation]
   511 | D:2      | Gained mutation: Your muscles are strong. (Str +4, Int/Dex
                  | -1) [potion of mutation]
   511 | D:2      | Gained mutation: You have hidden genetic potential. [potion
                  | of mutation]
   512 | D:2      | 512 ||| DROPPING scroll of immolation.
   513 | D:2      | 513 ||| FLEEEEING.
   514 | D:2      | 514 ||| FLEEEEING.
   515 | D:2      | 515 ||| FLEEEEING.
   516 | D:2      | 516 ||| FLEEEEING.
   517 | D:2      | 517 ||| STAIRDANCE
   599 | D:1      | Reached XP level 3. HP: 23/23 MP: 3/3
   745 | D:1      | 745 ||| READING scroll labelled QADDEN CIYT.
   851 | D:2      | Gained mutation: Your muscles are very strong. (Str +8,
                  | Int/Dex -2) [hidden potential]
   963 | D:2      | 963 ||| UPGRADING to +6 ring of dexterity.
  1015 | D:2      | 1015 ||| FLEEEEING.
  1016 | D:2      | 1016 ||| STAIRDANCE
  1039 | D:1      | 1039 ||| DROPPING +0 club.
  1045 | D:2      | Reached XP level 4. HP: 28/28 MP: 4/4
  1045 | D:2      | 1045 ||| Stepping ~*~*~tactically~*~*~ (hiding).
  1046 | D:2      | 1046 ||| Stepping ~*~*~tactically~*~*~ (hiding).
  1048 | D:2      | 1048 ||| Stepping ~*~*~tactically~*~*~ (hiding).
  1162 | D:2      | 1162 ||| Stepping ~*~*~tactically~*~*~ (hiding).
  1287 | D:2      | Reached skill level 1 in Dodging
  1461 | D:2      | 1461 ||| Stepping ~*~*~tactically~*~*~ (hiding).
  1485 | D:2      | 1485 ||| FLEEEEING.
  1486 | D:2      | 1486 ||| FLEEEEING.
  1490 | D:2      | Gained mutation: You passively dampen the noise of your
                  | surroundings. [hidden potential]
  1490 | D:2      | Lost mutation: You have hidden genetic potential. [hidden
                  | potential expressed]
  1629 | D:2      | Found a sparkling altar of Nemelex Xobeh.
  1758 | D:2      | Noticed Robin
  1765 | D:2      | Killed Robin
  1896 | D:2      | 1896 ||| UPGRADING to +0 helmet.
  1901 | D:2      | 1901 ||| READING scroll labelled NOLUTI DIALAMP.
  1939 | D:3      | Found a transporter.
  1974 | D:3      | 1974 ||| DROPPING +0 mace.
  2166 | D:3      | Reached XP level 5. HP: 32/32 MP: 5/5
  2251 | D:3      | 2251 ||| READING scroll of enchant armour.
  2251 | D:3      | 2251 ||| ENCHANTING +0 helmet.
  2468 | D:3      | Found a transporter.
  2480 | D:3      | 2480 ||| READING scroll of enchant armour.
  2480 | D:3      | 2480 ||| ENCHANTING +1 helmet.
  2509 | D:3      | 2509 ||| READING scroll labelled UCIUKE QYSEI.
  2510 | D:3      | 2510 ||| READING 3 scrolls of identify.
  2510 | D:3      | 2510 ||| IDENTIFYING fizzy blue potion
  2511 | D:3      | 2511 ||| READING 2 scrolls of identify.
  2511 | D:3      | 2511 ||| IDENTIFYING sedimented purple potion
  2512 | D:3      | 2512 ||| DROPPING potion of degeneration.
  2529 | D:4      | Noticed a phantom
  2540 | D:4      | Killed a phantom
  2578 | D:4      | Reached XP level 6. HP: 25/38 MP: 6/6
  3215 | D:4      | Reached skill level 6 in Axes
  3296 | D:4      | Reached XP level 7. HP: 40/43 MP: 7/7
  3508 | D:4      | 3508 ||| READING 2 scrolls labelled ETHRAJ GIEM.
  3509 | D:4      | 3509 ||| READING scroll labelled FUALLA ETWEC.
  3510 | D:4      | 3510 ||| READING scroll labelled GETE NUNTITWUG.
  3515 | D:4      | 3515 ||| READING 2 scrolls of identify.
  3515 | D:4      | 3515 ||| IDENTIFYING murky blue potion
  3516 | D:4      | 3516 ||| DROPPING scroll of blinking.
  3517 | D:4      | 3517 ||| DROPPING potion of berserk rage.
  3524 | D:5      | Entered Level 5 of the Dungeon
  3531 | D:5      | HP: 10/43 [iguana (8)]
  3532 | D:5      | 3532 ||| DRINKING potion of heal wounds.
  3538 | D:5      | HP: 5/43 [orc priest/divine providence (16)]
  3706 | D:5      | 3706 ||| Stepping ~*~*~tactically~*~*~ (stealth).
  3747 | D:5      | 3747 ||| READING scroll of enchant armour.
  3747 | D:5      | 3747 ||| ENCHANTING +0 plate armour.
  3752 | D:5      | Noticed Blork the orc
  3765 | D:5      | Killed Blork the orc
  4061 | D:5      | Found Noleaxov's Magic Scroll Shoppe.
  4070 | D:5      | 4070 ||| BUYING 3 scrolls of identify (66 gold).
  4070 | D:5      | Bought 3 scrolls of identify for 66 gold pieces
  4070 | D:5      | 4070 ||| BUYING scroll of identify (22 gold).
  4070 | D:5      | Bought a scroll of identify for 22 gold pieces
  4070 | D:5      | 4070 ||| BUYING scroll of identify (22 gold).
  4070 | D:5      | Bought a scroll of identify for 22 gold pieces
  4070 | D:5      | 4070 ||| BUYING scroll of identify (22 gold).
  4070 | D:5      | Bought a scroll of identify for 22 gold pieces
  4070 | D:5      | 4070 ||| BUYING scroll of identify (22 gold).
  4070 | D:5      | Bought a scroll of identify for 22 gold pieces
  4070 | D:5      | 4070 ||| BUYING scroll of teleportation (33 gold).
  4070 | D:5      | Bought a scroll of teleportation for 33 gold pieces
  4108 | D:5      | Reached XP level 8. HP: 45/49 MP: 8/8
  4367 | D:5      | 4367 ||| DROPPING orb of mayhem.
  4368 | D:5      | 4368 ||| UPGRADING to +0 tower shield.
  4378 | D:5      | 4378 ||| DROPPING +0 buckler.
  4379 | D:5      | 4379 ||| READING scroll labelled JETECV DUPUYSH.
  4413 | D:5      | 4413 ||| READING 9 scrolls of identify.
  4413 | D:5      | 4413 ||| IDENTIFYING blue potion
  4414 | D:5      | 4414 ||| READING 8 scrolls of identify.
  4414 | D:5      | 4414 ||| IDENTIFYING yellow potion
  4434 | D:6      | Found a staircase to the Ecumenical Temple.
  4435 | D:6      | 4435 ||| PLANNING TEMPLE
  4435 | D:6      | 4435 ||| STAIRDANCE
  4449 | Temple   | Entered the Ecumenical Temple
  4465 | Temple   | 4465 ||| PLANNING OKAWARU WORSHIP
  4617 | Temple   | Became a worshipper of Warmaster Okawaru
  4618 | Temple   | 4618 ||| PLANNING D:1-11
  5233 | D:6      | 5233 ||| Stepping ~*~*~tactically~*~*~ (stealth).
  5234 | D:6      | 5234 ||| Stepping ~*~*~tactically~*~*~ (stealth).
  5249 | D:6      | Reached * piety under Okawaru
  5250 | D:6      | Reached skill level 6 in Shields
  5256 | D:6      | Reached skill level 1 in Invocations
  5414 | D:6      | Found a hazy altar of Hepliaklqana.
  5418 | D:6      | Found a shadowy altar of Dithmenos.
  5425 | D:6      | Found a glowing golden altar of the Shining One.
  5428 | D:6      | Found an ornate altar of the Wu Jian Council.
  5441 | D:6      | Found a glowing silver altar of Zin.
  5444 | D:6      | Found a hide-covered altar of Uskayaw.
  5733 | D:6      | 5733 ||| READING 9 scrolls of identify.
  5733 | D:6      | 5733 ||| IDENTIFYING brown potion
  5962 | D:7      | 5962 ||| Stepping ~*~*~tactically~*~*~ (stealth).
  5971 | D:7      | Reached skill level 3 in Invocations
  5976 | D:7      | Reached XP level 9. HP: 51/54 MP: 11/11
  6013 | D:7      | Found a bloodstained altar of Trog.
  6113 | D:7      | 6113 ||| INVOKING Heroism.
  6116 | D:7      | 6116 ||| DRINKING potion of curing.
  6116 | D:7      | 6116 ||| (to cure confusion)
  6125 | D:7      | HP: 11/54 [orc priest/divine providence (13)]
  6126 | D:7      | 6126 ||| READING 3 scrolls of teleportation.
  6127 | D:7      | Killed from afar by an orc priest

Levels and vault maps discovered:
D:1:      dpeg_arrival_round_c, layout_loops_ring, kennysheep_flooded_box
D:2:      layout_loops_ring, basic_altar, supply_closet_lemuel, st_stairs_6,
          hangedman_glass_teeth, lexackson_kobold_supper, uniq_robin
D:3:      gammafunk_wand_slinger, layout_basic, minmay_misc_feat_ornament
D:4:      wad_crossroads, layout_basic
D:5:      layout_basic, serial_shops, shop, uniq_blork_the_orc
D:6:      layout_rooms, nicolae_overflow_hallway_of_the_gods,
          minmay_temple_entry_mini_moons, serial_co_window_serial,
          co_window_corner_a, co_window_corner_a, co_window_of_opportunity_a,
          co_window_of_opportunity_a, co_window_corner_a,
          co_window_of_opportunity_c, co_window_of_opportunity_c,
          co_window_corner_b, co_window_cross_4, co_window_corner_cb,
          co_window_corner_cb, co_window_paths_c, co_window_sun
D:7:      layout_loops_ring, old_standard_altar, grunt_potential
Temple:   nicolae_temple_bog_church

Skill      XL: |  1  2  3  4  5  6  7  8  9 |
---------------+----------------------------+-----
Axes           | 2 3 4 5 6 7 |  7.1
Dodging        | 1 |  1.0
Fighting       | 4 5 |  5.0
Armour         | 4 |  4.1
Shields        | 7 |  7.9
Invocations    | 3 4 |  4.0

Action                     |  1- 3 |  4- 6 |  7- 9 || total
---------------------------+-------+-------+-------++-------
  Melee: War axe           |   102 |   152 |   172 ||   426
  Throw: Boomerang         |       |       |    14 ||    14
 Invoke: Heroism           |       |       |     1 ||     1
    Use: Scroll            |     3 |     6 |    10 ||    19
         Potion            |     2 |       |     2 ||     4
 Armour: Scale mail        |    20 |       |       ||    20
         Plate armour      |    36 |    65 |    99 ||   200
  Dodge: Dodged            |    41 |    31 |    48 ||   120
  Block: Buckler           |    19 |    26 |    10 ||    55
         Tower shield      |       |       |   124 ||   124

Table legend:
 A = Non-vault XP
 B = Vault XP
 C = Vault XP percentage of total XP
 D = Non-vault monster count
 E = Vault monster count
 F = Vault count percentage of total count
                 A         B        C        D         E       F
            +---------+---------+-------+---------+---------+-------
      Total |    2398 |     349 |  12.7 |     109 |      27 |  19.9
            +---------+---------+-------+---------+---------+-------
        D:1 |      26 |       0 |   0.0 |      15 |       0 |   0.0
        D:2 |      67 |      46 |  40.7 |      24 |      20 |  45.5
        D:3 |      65 |       0 |   0.0 |      18 |       0 |   0.0
        D:4 |     362 |      56 |  13.4 |      19 |       4 |  17.4
        D:5 |     531 |      91 |  14.6 |      14 |       1 |   6.7
        D:6 |     839 |       0 |   0.0 |      13 |       0 |   0.0
        D:7 |     508 |     156 |  23.5 |       6 |       2 |  25.0
            +---------+---------+-------+---------+---------+-------
